 Dungeon Crawl Stone Soup version 0.29.1-15-g9cfb28693d (webtiles) character file.

Game seed: 12982606926011512999

326 Silvore the Covered (level 6, -12/53 HPs)
             Began as a Minotaur Fighter on May 2, 2023.
             Was an Initiate of Okawaru.
             Killed by divine providence
             ... invoked by an orc priest
              (13 damage)
             ... on level 4 of the Dungeon.
             The game lasted 00:04:36 (3801 turns).

Silvore the Covered (Minotaur Fighter)              Turns: 3801, Time: 00:04:36

Health: -12/53     AC: 10    Str: 22    XL:     6   Next: 24%
Magic:  5/5        EV: 14    Int:  5    God:    Okawaru [......]
Gold:   192        SH:  4    Dex: 10    Spells: 5/5 levels left

rFire   . . .      SeeInvis .   a - +0 long sword
rCold   . . .      Faith    .   c - +0 buckler
rNeg    . . .      Spirit   .   b - +0 scale mail
rPois   .          Reflect  .   e - +2 hat
rElec   .          Harm     .   r - +0 cloak
rCorr   .          Rampage  .   (no gloves)
Will    .....                   (no boots)
Stlth   ..........              (no amulet)
HPRegen 0.17/turn               j - +4 ring of evasion
MPRegen 0.09/turn               (no ring)

@: no status effects
A: horns 2, retaliatory headbutt
a: Renounce Religion


You were on level 4 of the Dungeon.
You worshipped Okawaru.
Okawaru was noncommittal.
You visited 2 branches of the dungeon, and saw 5 of its levels.

You collected 192 gold pieces.

Inventory:

Hand Weapons
 a - a +0 long sword (weapon)
Armour
 b - a +0 scale mail (worn)
 c - a +0 buckler (worn)
 e - a +2 hat (worn)
 f - an orb of light
 r - a +0 cloak (worn)
Jewellery
 j - a +4 ring of evasion (left hand)
Wands
 q - a wand of digging (7)
Scrolls
 g - 2 scrolls of identify
 m - 2 scrolls of teleportation
 n - a scroll of butterflies
 o - a scroll of fear
 p - a scroll of immolation {unknown}
Potions
 d - a potion of might
 h - 2 potions of ambrosia
 i - 2 potions of mutation {unknown}
 k - 2 potions of curing
 l - 3 potions of heal wounds
 s - a potion of cancellation {unknown}


   Skills:
 + Level 4.5 Fighting
 + Level 4.9 Long Blades
 + Level 5.6 Armour
 + Level 1.6 Dodging
 + Level 0.2 Stealth
 + Level 4.5 Shields


You had 5 spell levels left.
You didn't know any spells.
Your spell library contained the following spells:

 Spells                   Type           Power      Damage    Failure   Level
 Passage of Golubria      Tloc           0%         N/A       100%        4
 Yara's Violent Unravell  Hex/Tmut       0%         3d3       100%        5
 Tukima's Dance           Hex            Unusable   N/A       N/A         3

Dungeon Overview and Level Annotations

Branches:
Dungeon (4/15)             Temple (1/1) D:4

Altars:
Elyvilon
Kikubaaqudgha
Okawaru

Shops:
D:2 ?


Innate Abilities, Weirdness & Mutations

You have a pair of horns on your head.
You reflexively headbutt those who attack you in melee.


Message History

The orc wizard points at you and mumbles some strange words.
The magic dart hits you! The orc priest misses you. You furiously retaliate!
You headbutt the orc priest, but do no damage.
You closely miss the orc wizard.
The orc wizard is moderately wounded.
You block the orc's attack. The orc priest closely misses you.
The orc wizard barely misses you. You furiously retaliate!
You headbutt the orc wizard! You block the orc wizard's attack.
You closely miss the orc wizard.
The orc wizard is almost dead.
The orc priest misses you.
The orc wizard points at you and mumbles some strange words.
The puff of flame hits you.
The orc wizard points at you and mumbles some strange words.
The magic dart hits you but does no damage.
The orc closely misses you.
You hit the orc wizard.
You kill the orc wizard!
Okawaru accepts your kill.
The orc priest hits you with a +0 long sword.
The orc wizard closely misses you. The orc hits you but does no damage.
You barely miss the orc wizard.
The orc priest hits you with a +0 long sword.
The iguana barely misses you. You block the orc wizard's attack.
The orc misses you. You furiously retaliate!
You headbutt the orc. You closely miss the orc wizard.
The orc priest invokes the aid of Beogh against you.
Beogh smites you!
* * * LOW HITPOINT WARNING * * *
The orc wizard casts a spell.
The orc wizard flickers and vanishes!
Deactivating autopickup; reactivate with Ctrl-A.
The iguana bites you!
* * * LOW HITPOINT WARNING * * *
The orc hits you with a +0 whip.
* * * LOW HITPOINT WARNING * * *
The orc barely misses you. Something hits you but does no damage.
The orc priest calls down the wrath of Beogh upon you.
Beogh smites you!
You die...

#... .# ...# ..#. #..
###.... ...#
#..####....# ...#
###.....#....# ...#
#.[.....#<...## ...#
#.....).......# ....
#....{ol#.....## ...#
#....o@....#.8.## ...#
########).(.....####.#
..<# ##.#8.>.8.....#
##.# #.......#######
#.# ####.8.#.......
#.# #....######.
#.####### #....#......
#.......# #.#.##.#####
#.......# #..>##.#


You could see an iguana, an orc priest and an orc.

Vanquished Creatures
  Crazy Yiuf (D:3)
  Jessica (D:2)
  Ijyb (D:3)
  Natasha (thrice) (D:3)
  An orc wizard (D:4)
  Terence (D:3)
  Robin (D:2)
  4 adders
  2 dart slugs
  An orc (D:4)
  5 ball pythons
  5 bats
  9 endoplasms
  2 giant cockroaches (D:2)
  13 goblins
  3 hobgoblins (D:1)
  4 jackals (D:1)
  2 kobolds
  5 quokkas (D:2)
  2 frilled lizards (D:2)
  8 rats
74 creatures vanquished.

Notes
Turn   | Place    | Note
-------+----------+-------------------------------------------
     0 | D:1      | Silvore the Minotaur Fighter began the quest for the Orb.
     0 | D:1      | Reached XP level 1. HP: 19/19 MP: 0/0
    46 | D:1      | Reached XP level 2. HP: 23/27 MP: 1/1
    92 | D:1      | Found a faded altar of an unknown god.
   441 | D:1      | Reached skill level 4 in Armour
   915 | D:2      | Noticed Robin
   938 | D:1      | Reached XP level 3. HP: 27/33 MP: 2/2
  1046 | D:1      | Reached skill level 1 in Dodging
  1309 | D:2      | Killed Robin
  1318 | D:2      | Noticed Jessica
  1326 | D:2      | Killed Jessica
  1327 | D:2      | Reached XP level 4. HP: 30/40 MP: 3/3
  1424 | D:2      | Found a white marble altar of Elyvilon.
  1917 | D:2      | Reached skill level 5 in Armour
  2287 | D:2      | Reached XP level 5. HP: 46/46 MP: 4/4
  2332 | D:2      | Found Ekke's Magic Scroll Emporium.
  2452 | D:3      | Noticed Natasha
  2461 | D:3      | Killed Natasha
  2875 | D:3      | Noticed Ijyb
  2875 | D:3      | Noticed Natasha
  2884 | D:3      | Killed Natasha
  2894 | D:3      | Killed Ijyb
  3085 | D:3      | Noticed Natasha
  3090 | D:3      | Killed Natasha
  3251 | D:3      | Found a runed translucent door.
  3252 | D:3      | Noticed Crazy Yiuf
  3262 | D:3      | Killed Crazy Yiuf
  3263 | D:3      | Reached XP level 6. HP: 34/53 MP: 5/5
  3527 | D:3      | Noticed Terence
  3537 | D:3      | Killed Terence
  3752 | D:4      | Found a staircase to the Ecumenical Temple.
  3764 | Temple   | Entered the Ecumenical Temple
  3771 | Temple   | Became a worshipper of Warmaster Okawaru
  3801 | D:4      | HP: 1/53 [orc/+0 whip (2)]
  3801 | D:4      | Killed from afar by an orc priest

Illustrated notes

Levels and vault maps discovered:
D:1:      minmay_arrival_cross, layout_loops_ring,
          ebering_ecumenical_altar_ruins
D:2:      layout_basic, basic_altar, serial_shops, shop,
          minmay_misc_feat_square, minmay_increasing_density, uniq_jessica,
          uniq_robin
D:3:      wander_river, layout_basic, uniq_terence, uniq_ijyb,
          uniq_crazy_yiuf_cottage, uniq_natasha
D:4:      minmay_diamond_boxcup, layout_basic,
          minmay_temple_entry_statues_pillars, mrwooster_statue_mirror
Temple:   hc_temple_tempest_star

Skill      XL: |  1  2  3  4  5 |
---------------+----------------+-----
Armour         | 4 5 |  5.6
Shields        | 4 |  4.5
Dodging        | 1 |  1.6
Long Blades    | 3 4 |  4.9
Fighting       | 4 |  4.5
Stealth        | |  0.2

Action                   |  1- 3 |  4- 6 || total
-------------------------+-------+-------++-------
Melee: Long sword        |    78 |   114 ||   192
       Headbutt          |    10 |    17 ||    27
  Use: Scroll            |     5 |     4 ||     9
Armor: Scale mail        |    68 |    66 ||   134
Dodge: Dodged            |    66 |    82 ||   148
Block: Buckler           |    26 |    24 ||    50
